 Dungeon Crawl Stone Soup version 0.30-a0-1094-g860fb061e7 (webtiles) character file.

Game seed: 11560637154325553555

190 qeuew the Shooter (level 5, 0/27 HPs)
             Began as a Spriggan Hunter on Apr 17, 2023.
             Slain by Pargi (4 damage)
             ... on level 3 of the Dungeon on Apr 18, 2023.
             The game lasted 00:03:03 (1767 turns).

qeuew the Shooter (Spriggan Hunter)                 Turns: 1767, Time: 00:03:04

Health: 0/27       AC:  2    Str:  7    XL:     5   Next: 41%
Magic:  6/6        EV: 24    Int: 11    God:
Gold:   131        SH:  0    Dex: 20    Spells: 4/4 levels left

rFire   . . .      SeeInvis +    a - +0 shortbow
rCold   . . .      Faith    .    (shield currently unavailable)
rNeg    . . .      Spirit   .    c - +0 robe
rPois   .          Reflect  .    (helmet restricted)
rElec   .          Rampage  .    (no cloak)
rCorr   .                        (gloves unavailable)
Will    .....                    (boots unavailable)
Stlth   +++                      (no amulet)
HPRegen 0.24/turn                h - +5 ring of evasion
MPRegen 0.10/turn                (no ring)

@: very quick
A: very small, no large weapons, unfitting armour, see invisible, speed 3
a: no special abilities


You were on level 3 of the Dungeon.
You visited 1 branch of the dungeon, and saw 3 of its levels.

You collected 131 gold pieces.

Inventory:

Hand Weapons
 a - a +0 shortbow (weapon)
Armour
 c - a +0 robe (worn)
Jewellery
 h - a +5 ring of evasion (left hand)
Scrolls
 b - a scroll of identify
Potions
 d - a potion of haste
 e - a potion of attraction {unknown}
 f - a potion of mutation {unknown}
 j - 3 potions of cancellation
 k - a potion of magic


   Skills:
 + Level 2.3 Fighting
 * Level 5.0 Ranged Weapons
 + Level 4.0 Dodging
 * Level 5.0 Stealth


You had 4 spell levels left.
You didn't know any spells.
Your spell library was empty.

Dungeon Overview and Level Annotations

Branches:
Dungeon (3/15)

Altars:
Fedhas

Shops:
D:1 ?

Annotations:
D:3 Pargi


Innate Abilities, Weirdness & Mutations

You are very small and have problems with some larger weapons.
You are too small for most types of armour.
You have supernaturally acute eyesight. (SInv)
You cover ground extremely quickly. (Speed+++)


Message History

Pargi closely misses you.
Unknown command.
Fire: a) +0 shortbow
Press: ? - help, Q - select action Shift-Dir - straight line, f/p - Pargi
Aim: Pargi (moderately wounded, 59% to hit)
You shoot an arrow. The arrow closely misses Pargi.
The arrow barely misses the goblin.
The arrow closely misses the hobgoblin.
The arrow closely misses the goblin.
The goblin shouts!
Pargi misses you. Pargi barely misses you. Pargi completely misses you.
A goblin comes into view. It is wielding a +0 dagger.
Unknown command.
Fire: a) +0 shortbow
Press: ? - help, Q - select action Shift-Dir - straight line, f/p - Pargi
Aim: Pargi (moderately wounded, 59% to hit)
You shoot an arrow. The arrow barely misses Pargi.
The arrow closely misses the goblin.
The goblin shouts!
The arrow hits the hobgoblin.
You kill the hobgoblin!
Pargi closely misses you. Pargi barely misses you. Pargi completely misses you.
Fire: a) +0 shortbow
Press: ? - help, Q - select action Shift-Dir - straight line, f/p - Pargi
Aim: Pargi (moderately wounded, 59% to hit)
You shoot an arrow. The arrow closely misses Pargi.
The arrow closely misses the goblin.
The arrow hits the goblin!
You kill the goblin!
Pargi closely misses you. x2; Pargi completely misses you.
A goblin comes into view. It is wielding a +0 club.
Unknown command.
Unknown command.
Fire: a) +0 shortbow
Press: ? - help, Q - select action Shift-Dir - straight line, f/p - Pargi
Aim: Pargi (moderately wounded, 59% to hit)
You shoot an arrow. The arrow hits Pargi.
Pargi is heavily wounded.
Pargi looks very sad for a moment.
Pargi misses you.
Pargi completely misses you. x3; Pargi claws you.
You die...

#.. .# #g# #.# #)# #.#
#g# #.# #†# #.# #g# #.#
#T# ######.#### #@#
#.........#
#)#####..###....#
#...............#
########..##.#####
#.................
########.######.##.....).
#.........# #.###......
#.######### #.# #..####
#.##### ###.####..###


You could see Pargi and 3 goblins.

Vanquished Creatures
  Jessica (D:3)
  An iguana (D:3)
  Robin (D:3)
  5 adders (D:2)
  A worm (D:3)
  3 dart slugs
  4 orcs (D:3)
  3 ball pythons
  4 bats
  4 endoplasms
  A giant cockroach (D:1)
  14 goblins
  7 hobgoblins
  6 jackals
  5 kobolds
  2 quokkas (D:2)
  4 rats
66 creatures vanquished.

Notes
Turn   | Place    | Note
-------+----------+-------------------------------------------
     0 | D:1      | qeuew the Spriggan Hunter began the quest for the Orb.
     0 | D:1      | Reached XP level 1. HP: 10/10 MP: 2/2
   106 | D:1      | Reached XP level 2. HP: 12/15 MP: 3/3
   330 | D:1      | Found Maomir's Magic Scroll Shop.
   666 | D:1      | Found a faded altar of an unknown god.
   781 | D:2      | Reached XP level 3. HP: 18/18 MP: 4/4
   792 | D:2      | Identified the +0 robe of the Gate {rElec Str+2}
  1007 | D:2      | Reached XP level 4. HP: 23/23 MP: 5/5
  1092 | D:2      | Found a blossoming altar of Fedhas.
  1425 | D:3      | Noticed Jessica
  1430 | D:3      | Killed Jessica
  1466 | D:3      | Noticed a black bear
  1623 | D:3      | Reached XP level 5. HP: 26/26 MP: 6/6
  1745 | D:3      | Noticed Robin
  1749 | D:3      | Reached skill level 5 in Ranged Weapons
  1750 | D:3      | Noticed Pargi
  1754 | D:3      | Killed Robin
  1755 | D:3      | Reached skill level 5 in Stealth
  1767 | D:3      | Slain by Pargi

Illustrated notes

Levels and vault maps discovered:
D:1:      dpeg_arrival_simpleton_a, layout_loops_ring, serial_shops, shop,
          hellmonk_ecumenical_altar_zigzags
D:2:      layout_loops_cross, basic_altar
D:3:      layout_basic, minmay_misc_feat_nine_boxes, grunt_ministairs_13,
          uniq_robin, uniq_jessica, uniq_pargi

Skill      XL: |  1  2  3  4  5 |
---------------+----------------+-----
Stealth        | 2 3 4 5 |  5.0
Dodging        | 3 4 |  4.0
Fighting       | 2 |  2.3
Ranged Weapons | 5 |  5.0

Action                     |  1- 3 |  4- 6 || total
---------------------------+-------+-------++-------
   Fire: Shortbow          |    72 |    96 ||   168
    Use: Scroll            |     4 |     7 ||    11
 Armour: Robe              |     2 |     4 ||     6
  Dodge: Dodged            |    20 |    84 ||   104

Table legend: (Time is in decaauts)
 A = Elapsed time spent in this place.
 B = Non-inter-level travel time spent in this place.
 C = Inter-level travel time spent in this place.
 D = Time resting spent in this place.
 E = Time spent auto-exploring this place.
 F = Levels seen in this place.
 G = Mean time per level.
                   A        B        C        D        E       F      G
               +--------+--------+--------+--------+--------+-----+--------+
         Total |   1231 |   1208 |     23 |     70 |    833 |   3 |  410.3 |
       Dungeon |   1231 |   1208 |     23 |     70 |    833 |   3 |  410.3 |
               +--------+--------+--------+--------+--------+-----+--------+

Top non-repeatable levels by time:
     D:1: 516 daAuts
     D:2: 400 daAuts
     D:3: 314 daAuts
